Map: New Repugnancy LE

Players

Marinelord

  • Race: Terran Terran
  • Spawn Location: 7:00

uThermal - Winner!

  • Race: Terran Terran
  • Spawn Location: 1:00

Event: 2019 WCS Spring

VOD

Have the link to the VOD?

Description

Time

  • Played on: May 17, 2019, 1:48 p.m.
  • Length: 12:45

All games in this series

Show
View Real Time Build Order
Export as new Build Order

Marinelord Terran 

Build Orders:  

Get SALT Encoding   

  12  0:00  SCV  
  13  0:12  SCV  
  14  0:17  Supply Depot  
  14  0:25  SCV  
  15  0:29  Refinery  
  15  0:38  SCV  
  16  0:45  Barracks  
  16  0:50  SCV  
  17  1:02  SCV  
  17  1:03  Refinery  
  18  1:15  SCV  
  19  1:31  Orbital Command  
  19  1:32  Reaper  
  20  1:38  Factory  
  20  1:43  Supply Depot  
  20  1:57  SCV  
  21  2:04  Reaper  
  22  2:09  SCV  
  23  2:21  SCV  
  23  2:22  Hellion  
  26  2:30  Command Center  
  26  2:33  SCV  
  26  2:36  Reaper  
  28  2:40  Supply Depot  
  28  2:45  SCV, Hellion  
  31  2:55  Starport  
  31  3:01  SCV  
  32  3:11  Barracks Tech Lab, Factory Tech Lab  
  32  3:14  SCV  
  33  3:26  SCV  
  33  3:27  Refinery  
  34  3:29  Cyclone  
  37  3:38  Raven  
  39  3:41  SCV, Orbital Command  
  39  3:45  Barracks Reactor  
  40  3:53  SCV  
  41  4:01  Cyclone  
  44  4:05  SCV  
  44  4:07  SCV  
  39  4:17  SCV  
  39  4:19  SCV  
  41  4:29  SCV  
  42  4:31  SCV  
  42  4:42  SCV  
  42  4:43  SCV  
  43  4:47  Raven  
  45  4:54  SCV  
  45  4:55  SCV  
  45  4:56  Siege Tank  
  50  5:02  Marine, Supply Depot  
  50  5:03  Marine  
  50  5:06  SCV  
  53  5:07  SCV  
  54  5:23  SCV x2  
  54  5:25  Supply Depot  
  54  5:28  Command Center  
  56  5:29  Supply Depot  
  56  5:31  Siege Tank  
  59  5:38  SCV  
  59  5:39  SCV  
  61  5:48  Viking x2  
  65  5:50  SCV  
  65  5:51  SCV, Marine  
  65  5:53  Stimpack  
  68  6:02  SCV  
  68  6:03  Refinery  
  68  6:04  SCV  
  70  6:06  Siege Tank  
  70  6:09  Marine  
  70  6:11  Supply Depot  
  74  6:12  Supply Depot  
  74  6:14  SCV  
  74  6:16  SCV  
  74  6:18  Viking  
  78  6:26  Engineering Bay  
  78  6:27  Engineering Bay  
  78  6:32  Viking, SCV x2, Marine  
  83  6:33  Supply Depot  
  83  6:45  Siege Tank  
  83  6:46  SCV x2  
  83  6:47  Orbital Command  
  88  6:50  Viking, Marine  
  91  6:58  SCV x2  
  91  7:00  Terran Infantry Weapons Level 1  
  91  7:01  Terran Infantry Armor Level 1  
  93  7:02  Viking  
  93  7:08  Marine  
  96  7:10  SCV x2  
  98  7:16  SCV  
  98  7:17  Siege Tank, Refinery x2  
  98  7:19  Barracks  
  98  7:21  Barracks  
  98  7:22  SCV x2  
  103  7:26  Marine  
  103  7:28  SCV  
  105  7:34  SCV x2  
  107  7:40  SCV  
  107  7:43  Viking, Marine  
  111  7:44  Supply Depot  
  111  7:46  SCV, Barracks  
  111  7:47  Viking, Barracks  
  114  7:51  SCV  
  114  7:53  SCV  
  116  7:58  SCV  
  116  8:01  Marine  
  116  8:06  Siege Tank  
  116  8:09  SCV  
  115  8:14  Viking  
  115  8:16  SCV  
  115  8:17  Viking  
  115  8:19  Marine  
  118  8:25  Barracks Reactor x2  
  114  8:29  Armory  
  114  8:30  Supply Depot  
  114  8:38  Command Center, Combat Shield, Barracks Reactor x2  
  114  8:42  SCV x2  
  114  8:44  Viking  
  114  8:47  Viking  
  120  8:50  Sensor Tower  
  120  8:52  Marine  
  121  8:59  Supply Depot  
  121  9:01  SCV x2  
  121  9:02  SCV  
  117  9:08  Marine x2  
  117  9:13  SCV x2  
  117  9:14  Viking, SCV  
  117  9:16  Marine x3  
  117  9:17  Viking, Marine x2  
  123  9:19  Marine  
  129  9:25  SCV  
  129  9:26  Marine x2  
  130  9:34  Marine x3  
  130  9:38  Supply Depot  
  132  9:39  Supply Depot  
  132  9:40  Terran Infantry Weapons Level 2, Terran Infantry Armor Level 2  
  132  9:42  Terran Vehicle Weapons Level 1  
  132  9:46  SCV x2  
  132  9:47  SCV  
  132  9:50  Planetary Fortress  
  135  9:57  Marine x2  
  135  9:58  Marine x3  
  135  9:59  Marine  
  141  10:00  Marine  
  141  10:04  Medivac  
  141  10:05  Medivac  
  146  10:12  Marine x2  
  148  10:15  SCV x3, Marine x2  
  148  10:19  Refinery x2  
  153  10:24  Missile Turret  
  153  10:26  Supply Depot  
  148  10:28  Marine  
  148  10:29  Marine  
  148  10:30  Marine x2  
  148  10:33  Marine x2  
  148  10:34  Medivac, Marine x2  
  150  10:41  Siege Tank  
  153  10:46  Marine x2  
  153  10:47  Factory, Marine  
  153  10:48  Marine  
  156  10:51  SCV, Barracks Reactor  
  156  10:52  Marine x2  
  156  10:54  Marine  
  156  10:55  Marine  
  161  11:01  Viking  
  161  11:04  Viking, Marine x2  
  165  11:05  Marine  
  168  11:12  Starport  
  168  11:14  Starport  
  168  11:15  Marine  
  169  11:21  Marine  
  169  11:24  Marine x2  
  161  11:26  SCV x2  
  161  11:27  SCV  
  161  11:28  Marine x2  
  161  11:29  SCV  
  161  11:31  Marine x2  
  161  11:32  Marine x2  
  169  11:34  Medivac x2  
  169  11:37  Marine  
  169  11:38  SCV  
  169  11:39  Marine  
  176  11:42  Marine x2  
  176  11:46  SCV x2  
  180  11:50  SCV, Marine x2  
  180  11:53  Marine  
  171  11:56  Marine x2  
  171  12:00  Siege Tank  
  168  12:03  Starport Reactor, Starport Tech Lab, Siege Tank  
  168  12:04  Medivac  
  168  12:06  Marine x2  
  168  12:07  Command Center, Marine  
  174  12:08  Sensor Tower, Marine  
  158  12:16  Marine  
  158  12:19  Marine x2  
  146  12:28  SCV x3  
Show
View Real Time Build Order
Export as new Build Order

uThermal Terran - Winner!

Build Orders: 1/1/1, Liberator Opening 

Get SALT Encoding   

  12  0:01  SCV  
  13  0:13  SCV  
  14  0:17  Supply Depot  
  14  0:25  SCV  
  14  0:28  Refinery  
  15  0:39  SCV  
  16  0:44  Barracks  
  16  0:51  SCV  
  16  0:55  Refinery  
  17  1:03  SCV  
  18  1:15  SCV  
  19  1:31  Reaper, Orbital Command  
  20  1:34  Factory  
  20  1:43  Supply Depot  
  20  1:56  SCV  
  21  2:03  Reaper  
  22  2:08  SCV  
  23  2:18  Starport, Hellion  
  23  2:20  SCV  
  26  2:31  Supply Depot  
  26  2:33  SCV  
  26  2:35  Reaper  
  28  2:38  Liberator  
  28  2:40  Hellion  
  30  2:51  Supply Depot  
  33  3:01  Hellion  
  35  3:07  Reaper  
  36  3:18  Command Center  
  36  3:23  Hellion  
  38  3:28  SCV  
  39  3:39  Starport Tech Lab  
  39  3:40  SCV, Barracks Reactor  
  40  3:45  Factory Tech Lab  
  40  3:52  SCV  
  41  4:00  Refinery  
  41  4:02  Raven  
  43  4:04  SCV  
  44  4:16  SCV, Marine x2  
  38  4:25  Siege Tank  
  38  4:29  SCV  
  42  4:33  Marine  
  42  4:34  Marine  
  42  4:41  SCV  
  42  4:44  Orbital Command  
  39  4:51  Marine  
  39  4:52  Marine  
  41  4:53  SCV, Raven  
  44  5:00  Command Center  
  44  5:05  SCV  
  45  5:09  SCV, Marine x2  
  45  5:12  Siege Tank  
  51  5:17  SCV  
  52  5:21  SCV  
  52  5:23  Refinery  
  52  5:25  Supply Depot  
  55  5:30  SCV  
  55  5:33  SCV  
  55  5:42  SCV  
  56  5:44  Siege Tank  
  56  5:46  Viking x2  
  56  5:48  Supply Depot  
  63  6:03  SCV  
  64  6:04  Marine  
  64  6:05  SCV, Stimpack  
  66  6:12  Supply Depot  
  66  6:15  Orbital Command  
  66  6:16  Viking x2, SCV  
  71  6:19  SCV  
  71  6:25  Siege Tank  
  75  6:26  Marine  
  75  6:28  SCV  
  75  6:31  SCV  
  78  6:37  Supply Depot  
  78  6:40  SCV  
  78  6:44  Marine  
  78  6:45  Orbital Command  
  78  6:46  Viking x2  
  84  6:48  SCV  
  84  6:53  SCV  
  86  6:57  Siege Tank  
  86  7:00  SCV  
  90  7:05  SCV  
  90  7:09  Engineering Bay  
  90  7:10  Engineering Bay  
  90  7:11  SCV  
  90  7:12  Marine  
  90  7:13  SCV  
  93  7:17  SCV, Viking  
  93  7:18  Viking  
  98  7:23  SCV  
  98  7:25  SCV  
  98  7:29  SCV, Siege Tank, Supply Depot  
  104  7:30  Marine  
  104  7:33  Supply Depot  
  104  7:36  SCV  
  106  7:37  SCV  
  106  7:39  Terran Infantry Weapons Level 1, Terran Infantry Armor Level 1  
  106  7:42  SCV  
  107  7:48  SCV, Marine  
  107  7:51  SCV, Viking  
  110  7:54  SCV, Supply Depot  
  113  8:00  SCV  
  113  8:01  Liberator  
  113  8:03  SCV  
  113  8:06  SCV  
  113  8:12  SCV  
  115  8:15  SCV  
  115  8:17  Siege Tank  
  115  8:18  SCV  
  119  8:24  SCV  
  119  8:26  Combat Shield, Barracks  
  113  8:27  Marine  
  113  8:28  Barracks x2  
  113  8:31  Barracks  
  114  8:35  Viking  
  114  8:40  Refinery  
  116  8:42  Armory  
  116  8:45  Marine, Refinery  
  117  8:50  Siege Tank  
  120  9:01  SCV  
  119  9:03  Marine  
  119  9:05  Viking x2  
  119  9:09  Supply Depot  
  118  9:14  Sensor Tower  
  114  9:17  Barracks Reactor  
  114  9:18  Barracks Reactor  
  114  9:21  Marine, Barracks Reactor  
  114  9:22  Siege Tank  
  114  9:23  Command Center  
  118  9:27  Marine  
  114  9:35  Viking x2  
  118  9:39  Marine  
  118  9:42  SCV x3  
  118  9:45  Terran Infantry Weapons Level 2, Marine  
  123  9:53  Terran Infantry Armor Level 2, Marine  
  123  9:54  SCV, Marine x3  
  123  9:57  SCV, Marine  
  123  9:59  Refinery  
  130  10:00  Supply Depot, Refinery  
  130  10:02  SCV, Marine x2  
  130  10:03  Marine  
  130  10:04  Missile Turret, Siege Tank  
  137  10:11  Viking, Marine  
  137  10:12  Marine x2  
  141  10:17  Supply Depot  
  141  10:21  Marine  
  141  10:22  Viking, Marine, SCV x2  
  141  10:24  Marine  
  148  10:31  Marine  
  148  10:33  Marine x2  
  145  10:36  Siege Tank  
  145  10:37  Planetary Fortress  
  145  10:38  Marine  
  145  10:40  Marine  
  145  10:41  Marine  
  151  10:44  Terran Ship Weapons Level 1  
  151  10:45  Marine x2  
  151  10:49  Marine  
  154  10:51  Marine x2  
  154  10:55  Viking  
  154  10:56  Viking, Marine  
  161  10:59  Supply Depot  
  161  11:00  Marine x2  
  161  11:02  Marine  
  161  11:03  Marine  
  165  11:07  Marine  
  165  11:09  Marine x2  
  168  11:13  Marine  
  168  11:18  Marine x2  
  171  11:20  Marine  
  171  11:21  Marine  
  169  11:25  Medivac  
  169  11:26  Medivac  
  169  11:27  Marine x2  
  169  11:29  Marine  
  169  11:31  Siege Tank, Marine  
  169  11:36  Marine x2  
  169  11:38  Marine  
  169  11:39  Marine  
  173  11:45  Marine x2  
  173  11:47  Marine  
  174  11:49  Marine  
  174  11:53  Marine x2  
  168  11:56  Marine x2  
  163  12:02  Viking x2, Missile Turret, Marine  
  163  12:03  Missile Turret, Marine  
  163  12:04  Marine  
  163  12:05  Supply Depot  
  163  12:07  Marine  
  168  12:11  Marine x2  
  168  12:14  Marine x2  
  168  12:20  Marine x2  
  168  12:22  Marine  
  168  12:25  Marine  
Tags
 
Add a new tag
Caveats
  • Supply blocks, unpowered buildings, or Contaminate may cause inaccurate times.
  • Supply counts are checked every 10 seconds.